 Dungeon Crawl Stone Soup version 0.23-a0-151-gf6d1ed2 (webtiles) character file.

109 Amnesiac the Chiller (level 4, -1/30 HPs)
             Began as a Mummy Ice Elementalist on Sept 8, 2018.
             Was an Initiate of Vehumet.
             Slain by a kobold
             ... wielding a +0 short sword
              (7 damage)
             ... on level 2 of the Dungeon.
             The game lasted 00:07:36 (2012 turns).

Amnesiac the Chiller (Mummy Ice Elementalist)       Turns: 2012, Time: 00:07:37

Health: -1/30      AC:  2    Str: 11    XL:     4   Next: 60%
Magic:  5/9        EV: 12    Int: 15    God:    Vehumet [......]
Gold:   284        SH:  0    Dex: 12    Spells: 2/10 levels left

rFire    x . .     SeeInvis .   e - +0 hunting sling
rCold    + . .     Gourm    .   (no shield)
rNeg     + + +     Faith    .   a - +0 robe
rPois    ∞         Spirit   .   (no helmet)
rElec    .         Reflect  .   (no cloak)
rCorr    .         Harm     .   (no gloves)
MR       .....                  (no boots)
Stlth    ++........             d - amulet of inaccuracy (curse)
HPRegen  0.10/turn              l - ring of flight
MPRegen  0.11/turn              (no ring)

@: no status effects
A: no food or potions, fire vulnerability, cold resistance 1, negative energy
resistance 3, torment resistance, unbreathing
a: Renounce Religion, Evoke Flight


You were on level 2 of the Dungeon.
You worshipped Vehumet.
Vehumet was noncommittal.
You were not hungry.

You visited 1 branch of the dungeon, and saw 3 of its levels.

You collected 311 gold pieces.
You paid 27 gold pieces to Gozag.

Inventory:

Hand Weapons
 e - a +0 hunting sling (weapon)
 m - a +2 mace of crushing
Missiles
 g - 27 sling bullets (quivered)
 h - 118 stones
Armour
 a - a +0 robe (worn)
Jewellery
 d - a cursed amulet of inaccuracy (around neck)
 j - an uncursed amulet of magic regeneration
 l - a ring of flight (left hand)
Wands
 k - a wand of polymorph (15)
Scrolls
 b - a scroll of teleportation {!r}
 c - 2 scrolls of identify {!r}
 f - a scroll of fear {!r}
 i - a scroll of fog {!r}


   Skills:
 - Level 1.5 Dodging
 - Level 1.5 Stealth
 + Level 3.9 Spellcasting
 - Level 0.7 Conjurations
 * Level 4.0 Ice Magic


You had 2 spell levels left.
You knew the following spells:

 Your Spells              Type           Power        Failure   Level  Hunger
a - Freeze                Ice            ###.         3%          1    N/A
d - Throw Icicle          Conj/Ice       ##......     56%         4    N/A
z - Ozocubu's Armour      Chrm/Ice       #.......     24%         3    N/A

Your spell library contained the following spells:

 Spells                   Type           Power        Failure   Level  Hunger
 Throw Frost              Conj/Ice       ##....       11%         2    N/A
 Summon Ice Beast         Ice/Summ       #.......     61%         4    N/A

Dungeon Overview and Level Annotations

Branches:
Dungeon (3/15)

Altars:
Gozag
Vehumet

Annotations:
D:3 Sigmund


Innate Abilities, Weirdness & Mutations

You do not eat or drink.
Your flesh is vulnerable to fire.
You are immune to poison.
Your flesh is cold resistant. (rC+)
You are immune to negative energy. (rN+++)
You are immune to unholy pain and torment.
You can survive without breathing.


Message History

Gozag incites the kobold against you.
The kobold shouts!
The kobold goes berserk!
The kobold rages.
A worm comes into view.
Gozag incites the worm against you.
The worm goes berserk!
Found a golden ring.
There are monsters nearby!
There are monsters nearby!
A hobgoblin and Sigmund come into view.
Gozag incites Sigmund against you.
Sigmund seems to speed up.
You hear an angry hiss.
Found a ring mail and 22 gold pieces.
The hobgoblin shouts!
A bat comes into view.
The leopard gecko closely misses you.
The bat moves out of view.
You see here a hand axe.
Sigmund casts a spell at you. You resist with some effort.
The leopard gecko bites you.
There is an escape hatch in the ceiling here.
The kobold closely misses you. The leopard gecko bites you.
The kobold hits you with a short sword. A mysterious force pulls you upwards.
The hatch slams shut behind you.
Casting: Freeze (safe; 3% risk of failure)
Confirm with . or Enter, or press ? or * to list all spells.
Aiming: Freeze (safe; 3% risk of failure)
Press: ? - help, Shift-Dir - straight line, f - leopard gecko
Aim: a leopard gecko You freeze the leopard gecko.
The leopard gecko is lightly wounded.
The kobold barely misses you. The leopard gecko bites you.
Casting: Freeze (safe; 3% risk of failure)
Confirm with . or Enter, or press ? or * to list all spells.
Aiming: Freeze (safe; 3% risk of failure)
Press: ? - help, Shift-Dir - straight line, f/p - leopard gecko
Aim: a leopard gecko (lightly wounded)
You freeze the leopard gecko.
The leopard gecko is heavily wounded.
The kobold hits you but does no damage. The leopard gecko closely misses you.
The kobold hits you with a short sword.
* * * LOW HITPOINT WARNING * * *
Casting: Freeze (safe; 3% risk of failure)
Confirm with . or Enter, or press ? or * to list all spells.
Aiming: Freeze (safe; 3% risk of failure)
Press: ? - help, Shift-Dir - straight line, f/p - leopard gecko
Aim: a leopard gecko (moderately wounded)
You freeze the leopard gecko.
You kill the leopard gecko!
Vehumet accepts your kill. The kobold hits you with a short sword.
* * * LOW HITPOINT WARNING * * *
Casting: Freeze (safe; 3% risk of failure)
Confirm with . or Enter, or press ? or * to list all spells.
Aiming: Freeze (safe; 3% risk of failure)
Press: ? - help, Shift-Dir - straight line, f - kobold
Aim: a kobold, wielding a short sword (berserk, fast, unusually strong, incited You freeze the kobold.
The kobold is severely wounded.
The kobold hits you with a short sword.
* * * LOW HITPOINT WARNING * * *
The kobold hits you with a short sword!
You die...

.## #.._..#..# #.#.# ##
.#
#######.#.#..###.#.####
†#
#...#.....#.....##....#
.#
#.#####.###..########.#
.# ##.##.........# #.#
.####.#.#.........# #.#
.....###..#....#.## #.#
#####.#<.###.[.#)# #.#
##.##.#....#@# #.# ####
#.###.##.##K# #.###...
#.# #.#..##.# #.##....
#.###....##.# #.#.....
#.......#...# #.#)...)
#####....#### #.#.....
#.........# #.......
#.........# #####...
#.........# ####


You could see a kobold (berserk).

Vanquished Creatures
  A hound skeleton (D:2)
  4 adders (D:2)
  A dart slug (D:1)
  A leopard gecko (D:2)
  4 orcs (D:3)
  8 bats
  2 giant cockroaches
  7 goblins
  8 hobgoblins
  4 jackals (D:1)
  7 kobolds
  3 frilled lizards
  3 rats
53 creatures vanquished.

Notes
Turn   | Place    | Note
-------+----------+-------------------------------------------
     0 | D:1      | Amnesiac the Mummy Ice Elementalist began the quest for the
                  | Orb.
     0 | D:1      | Reached XP level 1. HP: 13/13 MP: 4/4
    59 | D:2      | Found an opulent altar of Gozag.
    78 | D:2      | Became a worshipper of Gozag Ym Sagoz the Greedy
    80 | D:2      | Reached skill level 3 in Ice Magic
    80 | D:2      | Reached XP level 2. HP: 6/19 MP: 0/5
   564 | D:1      | Reached XP level 3. HP: 15/24 MP: 0/7
   569 | D:1      | Learned a level 3 spell: Ozocubu's Armour
   924 | D:2      | HP: 1/24 [hound skeleton (3)]
   968 | D:2      | Learned a level 1 spell: Freeze
  1299 | D:2      | Found a radiant altar of Vehumet.
  1306 | D:2      | Fell from the grace of Gozag
  1306 | D:2      | Became a worshipper of Vehumet
  1357 | D:2      | Reached XP level 4. HP: 29/30 MP: 7/9
  1372 | D:2      | Learned a level 4 spell: Throw Icicle
  1529 | D:2      | You fall through a shaft!
  1963 | D:3      | Reached skill level 4 in Ice Magic
  2002 | D:3      | Noticed Sigmund
  2012 | D:2      | Slain by a kobold

Vault maps used:
D:1:      zelgadis_glass_arrival_small
D:2:      nicolae_gozag_cash_rules_everything_around_me, lemuel_round_altar
D:3:      overflow_temple_1_default, zin_academy, first_ration, uniq_sigmund

Skill      XL: |  1  2  3  4 |
---------------+-------------+-----
Ice Magic      | 3 4 |  4.0
Spellcasting   | 3 |  3.9
Dodging        | |  1.5
Stealth        | |  1.5
Conjurations   | |  0.7

Action                   |  1- 3 |  4- 6 || total
-------------------------+-------+-------++-------
Melee: Unarmed           |     5 |       ||     5
 Fire: Hunting sling     |    40 |    26 ||    66
 Cast: Freeze            |    38 |    21 ||    59
       Ozocubu's Armour  |     1 |       ||     1
  Use: Scroll            |     6 |       ||     6
Armor: Robe              |    12 |       ||    12
Dodge: Dodged            |    31 |    14 ||    45

Table legend:
 A = Non-vault XP
 B = Vault XP
 C = Vault XP percentage of total XP
 D = Non-vault monster count
 E = Vault monster count
 F = Vault count percentage of total count
                 A         B        C        D         E       F
            +---------+---------+-------+---------+---------+-------
      Total |     157 |       0 |   0.0 |      53 |       0 |   0.0
            +---------+---------+-------+---------+---------+-------
        D:1 |      39 |       0 |   0.0 |      21 |       0 |   0.0
        D:2 |     100 |       0 |   0.0 |      22 |       0 |   0.0
        D:3 |      18 |       0 |   0.0 |      10 |       0 |   0.0
            +---------+---------+-------+---------+---------+-------
